 Dungeon Crawl Stone Soup version 0.21-a0-110-g8e1637b (webtiles) character file.

487 sscrono2 the Cutter (level 7, 0/45 HPs)
             Began as an Octopode Assassin on July 10, 2017.
             Succumbed to an orc wizard's poison
             ... on level 3 of the Dungeon.
             The game lasted 00:05:11 (3019 turns).

sscrono2 the Cutter (Octopode Assassin)             Turns: 3019, Time: 00:05:12

Health: 0/45       AC:  1    Str:  9 (11) XL:     7   Next: 13%
Magic:  7/7        EV: 17    Int: 15      God:
Gold:   225        SH:  4    Dex: 13      Spells: 6/6 levels left

rFire    . . .     SeeInvis .   a - +3 dagger
rCold    + . .     Gourm    .   e - +0 buckler
rNeg     . . .     Faith    .   (helmet restricted)
rPois    .         Spirit   .   (no amulet)
rElec    .         Reflect  .   h - +5 ring of evasion
rCorr    .         Harm     .   q - ring of protection from cold
MR       .....                  (no ring)
Stlth    ++++......             (no ring)
HPRegen  0.15/turn              (no ring)
MPRegen  0.10/turn              (no ring)
                                (no ring)
                                (no ring)

@: lethally poisoned (0 -> -27)
A: almost no armour, stealthy swim, amphibious, 8 rings, constrict 8, camouflage
1, gelatinous body 1
a: no special abilities


You were on level 3 of the Dungeon.
You were not hungry.

You visited 1 branch of the dungeon, and saw 3 of its levels.

You collected 225 gold pieces.

Inventory:

Hand Weapons
 a - a +3 dagger (weapon)
 b - a +0 blowgun
Missiles
 c - 20 poisoned needles
 d - 2 curare-tipped needles
 t - 5 needles of confusion
Armour
 e - a +0 buckler (worn)
Jewellery
 h - a +5 ring of evasion (left tentacle)
 q - a ring of protection from cold (right tentacle)
Scrolls
 g - a scroll of identify {unknown}
 i - a scroll of noise {unknown}
 j - a scroll of amnesia
 k - a scroll of random uselessness {unknown}
 o - a scroll of enchant armour {unknown}
 u - 2 scrolls of remove curse
 w - 3 scrolls of enchant weapon
Potions
 n - a potion of agility
Comestibles
 f - a bread ration
 l - a royal jelly
 m - 3 meat rations
 p - 10 chunks of flesh


   Skills:
 - Level 2.0 Fighting
 * Level 6.8 Short Blades
 - Level 2.0 Throwing
 - Level 1.0 Dodging
 - Level 5.3 Stealth
 + Level 2.9 Shields


You had 6 spell levels left.
You didn't know any spells.

Dungeon Overview and Level Annotations

Branches:
Dungeon (3/15)

Altars:
Wu Jian

Annotations:
D:2 steam


Innate Abilities, Weirdness & Mutations

You cannot wear most types of armour.
You are very stealthy in the water. (Stealth+)
You are amphibious.
You can wear up to eight rings at the same time.
You can use your tentacles to constrict eight enemies at once.
Your skin changes colour to match your surroundings (Stealth+).
Your rubbery body absorbs attacks. (AC +1, EV +1)


Message History

You hit something.
* * * LOW HITPOINT WARNING * * *
You feel sick. Something hits you.
* * * LOW HITPOINT WARNING * * *
You hit something but do no damage. You squeeze something.
* * * LOW HITPOINT WARNING * * *
You feel sick. You block something's attack.
You hit something.
* * * LOW HITPOINT WARNING * * *
You feel sick.
You hit something but do no damage.
* * * LOW HITPOINT WARNING * * *
You feel sick. Something completely misses you.
You hit something. You squeeze something.
* * * LOW HITPOINT WARNING * * *
You feel sick. Something hits you.
* * * LOW HITPOINT WARNING * * *
You are more poisoned.
You hit something.
You die...

#.....# #........#
#.....# #........#
#.....# #(.......#
####.....######........##
#..'....)[[[[...........#
#.##......#####.........#
#.##....'..#..'.........#
#.#....#'#...##))(......#
#.#...##.##....@{.......#
#.#..##.8.##..###.#####.#
#.#.##.....##.....# #.#
#..##...'...##.########.#
#..#...#'#...#..........#
#..'8.##.##.8'.##########
##..#.##...##.#.#
....###.....###.#
###.##....#..##.#


There were no monsters in sight!

Vanquished Creatures
  Grinder (D:3)
  3 orc priests (D:3)
  An orc wizard (D:3)
  Jessica (D:3)
  4 adders (D:3)
  2 oozes (D:2)
  A worm (D:2)
  2 dart slugs
  A leopard gecko (D:1)
  17 orcs (D:3)
  6 giant cockroaches
  12 goblins
  8 hobgoblins
  7 jackals
  A quokka (D:2)
  4 bats
  3 frilled lizards
  11 kobolds
  4 rats
89 creatures vanquished.

Notes
Turn   | Place    | Note
-------+----------+-------------------------------------------
     0 | D:1      | sscrono2 the Octopode Assassin began the quest for the Orb.
     0 | D:1      | Reached XP level 1. HP: 14/14 MP: 1/1
   206 | D:1      | Reached XP level 2. HP: 19/19 MP: 2/2
   439 | D:1      | Reached skill level 3 in Short Blades
   658 | D:1      | Reached XP level 3. HP: 24/24 MP: 3/3
   897 | D:2      | Found an ornate altar of the Wu Jian Council.
  1035 | D:2      | Reached skill level 4 in Short Blades
  1363 | D:3      | Reached XP level 4. HP: 29/29 MP: 4/4
  1558 | D:3      | Noticed Grinder
  1828 | D:3      | Noticed Jessica
  1857 | D:3      | Killed Jessica
  1857 | D:3      | Reached skill level 5 in Short Blades
  1857 | D:3      | Reached XP level 5. HP: 12/34 MP: 5/5
  2269 | D:3      | Reached skill level 1 in Shields
  2467 | D:3      | Paralysed by Grinder for 2 turns
  2478 | D:3      | Paralysed by Grinder for 3 turns
  2483 | D:3      | Killed Grinder
  2483 | D:3      | Reached skill level 6 in Short Blades
  2483 | D:3      | Reached XP level 6. HP: 13/39 MP: 6/6
  2841 | D:3      | Reached XP level 7. HP: 44/45 MP: 7/7
  3018 | D:3      | HP: 2/45 [something (5)]
  3019 | D:3      | Succumbed to an orc wizard's poison

Vault maps used:
D:1:      dpeg_arrival_signposts, serial_forest, infiniplex_forest_end_3,
          infiniplex_forest_straight_5, infiniplex_forest_lined_room_,
          infiniplex_forest_straight_1, infiniplex_forest_fountain,
          infiniplex_forest_clump_small, bh_walls_and_bars
D:2:      nicolae_overflow_crystal_walls, lemuel_another_geyser
D:3:      grunt_decor_arrowhead, kennysheep_potato, uniq_grinder, uniq_jessica

Skill      XL: |  1  2  3  4  5 |
---------------+----------------+-----
Short Blades   | 3 4 5 6 |  6.8
Shields        | 2 |  2.9
Fighting       | |  2.0
Throwing       | |  2.0
Dodging        | |  1.0
Stealth        | |  5.3

Action                   |  1- 3 |  4- 6 |  7- 9 || total
-------------------------+-------+-------+-------++-------
Melee: Dagger            |    66 |   127 |    38 ||   231
       Constrict         |    10 |    28 |     3 ||    41
       Tentacles         |     7 |    19 |     6 ||    32
  Use: Potion            |       |     6 |       ||     6
       Scroll            |       |     3 |       ||     3
 Stab: Sleeping          |    16 |     7 |       ||    23
       Distracted        |       |     1 |       ||     1
  Eat: Chunk             |     1 |     1 |       ||     2
       Bread ration      |       |     1 |       ||     1
Armor: Skin              |     2 |       |     1 ||     3
Dodge: Dodged            |    32 |    88 |     7 ||   127
Block: Buckler           |       |     9 |     4 ||    13
